 Dungeon Crawl Stone Soup version 0.27-a0-1595-g0b823d0a13 (webtiles) character file.

Game seed: 5488466928246635224

114 Sweetruy1997 the Grave Robber (level 4, -3/30 HPs)
             Began as a Mummy Necromancer on July 21, 2021.
             Slain by an orc (6 damage)
             ... on level 3 of the Dungeon.
             The game lasted 00:07:42 (3198 turns).

Sweetruy1997 the Grave Robber (Mummy Necromancer)   Turns: 3198, Time: 00:07:43

Health: -3/30      AC:  2    Str: 11    XL:     4   Next: 66%
Magic:  0/10       EV: 12    Int: 14    God:
Gold:   30         SH:  0    Dex: 13    Spells: 2/11 levels left

rFire    x . .     SeeInvis .   b - +0 dagger
rCold    + . .     Faith    .   (no shield)
rNeg     + + +     Spirit   .   a - +0 robe
rPois    ∞         Reflect  .   (no helmet)
rElec    .         Harm     .   (no cloak)
rCorr    .         Rampage  .   (no gloves)
Will     .....                  (no boots)
Stlth    ++........             (no amulet)
HPRegen  0.10/turn              (no ring)
MPRegen  0.12/turn              (no ring)

@: no status effects
A: cold resistance 1, negative energy resistance 3, torment resistance 2, heat
vulnerability 1, no potions
a: no special abilities


You were on level 3 of the Dungeon.
You visited 1 branch of the dungeon, and saw 3 of its levels.

You collected 90 gold pieces.
You spent 60 gold pieces at shops.

Inventory:

Hand Weapons
 b - a +0 dagger (weapon)
Armour
 a - a +0 robe (worn)
Scrolls
 c - 2 scrolls of identify
 e - a scroll of amnesia


   Skills:
 + Level 0.1 Fighting
 + Level 1.6 Dodging
 + Level 1.7 Stealth
 - Level 0.1 Unarmed Combat
 + Level 4.4 Spellcasting
 + Level 5.1 Necromancy


You had 2 spell levels left.
You knew the following spells:

 Your Spells              Type           Power      Damage    Failure   Level
a - Pain                  Necr           68%        1d7       2%          1
b - Animate Skeleton      Necr           34%        N/A       2%          1
c - Vampiric Draining     Necr           8%         2d7       7%          3
d - Animate Dead          Necr           8%         N/A       22%         4

Your spell library contained the following spells:

 Spells                   Type           Power      Damage    Failure   Level
 Agony                    Necr           17%        N/A       52%         5
 Borgnjor's Vile Clutch   Necr/Erth      5%         N/A       87%         5
 Death Channel            Necr           8%         N/A       98%         6


Dungeon Overview and Level Annotations

Branches:
Dungeon (3/15)

Altars:

Shops:
D:3 ?


Innate Abilities, Weirdness & Mutations

You are immune to poison.
Your flesh is cold resistant. (rC+)
You are immune to negative energy. (rN+++)
You are immune to unholy pain and torment.
You are vulnerable to heat. (rF-)
You do not drink.


Message History

The endoplasm quivers.
Something barely misses you.
You barely miss something.
You hear some strange, mumbled words.
A magic dart appears from out of thin air!
The magic dart hits you.
You closely miss something.
You hear some strange, mumbled words.
A puff of flame appears from out of thin air!
The puff of flame hits you! The fire burns you terribly!
Nothing appears to happen.
Something hits you.
You miss something. Something hits you.
You closely miss something. Something hits you but does no damage.
You barely miss something. Something hits you.
You miss something. Something hits you.
* * * LOW HITPOINT WARNING * * *
You closely miss something. Something hits you.
* * * LOW HITPOINT WARNING * * *
You hit something. Something hits you.
* * * LOW HITPOINT WARNING * * *
You hit something.
Reactivating autopickup.
You feel a bit more experienced.
Your Spellcasting skill increases to level 4!
Unknown command.
You hit the orc.
The orc is lightly wounded.
The orc hits you with a +0 mace.
* * * LOW HITPOINT WARNING * * *
You hit the orc.
The orc is severely wounded.
The orc misses you.
You are too injured to fight recklessly!
Casting: Pain (safe; 2% risk of failure)
Confirm with . or Enter, or press ? or * to list all spells.
Aiming: Pain (safe; 2% risk of failure)
Press: ? - help, Shift-Dir - straight line, f/p - orc
Aim: an orc, wielding a +0 short sword and wearing a +0 ring mail (chance to affect: 87%)
The orc writhes in agony.
The orc hits you with a +0 mace.
You die...

##.##
##.)....... .#
##'####### # #.#
#.# ##.##
##...#####
#........#
##...###o###..
#..#.@oo)....
........##J#####
####..### # #...
##.# #. #.


You could see 3 orcs and an endoplasm.

Vanquished Creatures
  An orc wizard (D:3)
  3 adders
  A dart slug (D:2)
  An orc (D:3)
  4 ball pythons
  5 bats
  4 endoplasms
  7 goblins
  6 hobgoblins
  6 jackals
  5 quokkas
  5 frilled lizards
  5 kobolds
  3 rats
56 creatures vanquished.

Vanquished Creatures (others)
  2 demonic plants (D:1)
  A withered plant (D:1)
3 creatures vanquished.

Grand Total: 59 creatures vanquished

Notes
Turn   | Place    | Note
-------+----------+-------------------------------------------
     0 | D:1      | Sweetruy1997 the Mummy Necromancer began the quest for the
                  | Orb.
     0 | D:1      | Reached XP level 1. HP: 13/13 MP: 4/4
     2 | D:1      | Learned a level 1 spell: Animate Skeleton
    94 | D:1      | Found a faded altar of an unknown god.
   483 | D:1      | Reached XP level 2. HP: 19/19 MP: 3/5
  1721 | D:2      | Reached XP level 3. HP: 24/24 MP: 4/7
  1763 | D:2      | Learned a level 3 spell: Vampiric Draining
  2587 | D:3      | Found Lulak's Magic Scroll Boutique.
  2596 | D:3      | Bought a scroll of amnesia for 38 gold pieces
  2596 | D:3      | Bought a scroll of identify for 22 gold pieces
  2809 | D:3      | Reached skill level 5 in Necromancy
  2809 | D:3      | Reached XP level 4. HP: 30/30 MP: 5/9
  2814 | D:3      | Learned a level 4 spell: Animate Dead
  3198 | D:3      | Slain by an orc

Illustrated notes

Levels and vault maps discovered:
D:1:      minmay_arrival_loop, layout_basic, shapermc_ecumenical_altar_gd
D:2:      layout_rooms
D:3:      layout_loops_corners, nicolae_ru_the_path_less_chosen, serial_shops,
          nicolae_shop_stone, serial_glass, glass_columns_b, glass_columns_a

Skill      XL: |  1  2  3  4 |
---------------+-------------+-----
Spellcasting   | 3 4 |  4.4
Necromancy     | 5 |  5.1
Fighting       | |  0.1
Dodging        | |  1.6
Stealth        | |  1.7
Unarmed Combat | |  0.1

Action                   |  1- 3 |  4- 6 || total
-------------------------+-------+-------++-------
Melee: Unarmed           |     4 |       ||     4
       Dagger            |    31 |    11 ||    42
 Cast: Pain              |    80 |    22 ||   102
       Animate Skeleton  |    10 |     1 ||    11
       Vampiric Draining |       |     1 ||     1
  Use: Scroll            |     1 |       ||     1
Armor: Robe              |     7 |     1 ||     8
Dodge: Dodged            |    19 |     2 ||    21

Table legend: (Time is in decaauts)
 A = Elapsed time spent in this place.
 B = Non-inter-level travel time spent in this place.
 C = Inter-level travel time spent in this place.
 D = Time resting spent in this place.
 E = Time spent auto-exploring this place.
 F = Levels seen in this place.
 G = Mean time per level.
                   A        B        C        D        E       F      G
               +--------+--------+--------+--------+--------+-----+--------+
         Total |   3197 |   3123 |     74 |    567 |   2245 |   3 | 1065.7 |
       Dungeon |   3197 |   3123 |     74 |    567 |   2245 |   3 | 1065.7 |
               +--------+--------+--------+--------+--------+-----+--------+

Top non-repeatable levels by time:
     D:1: 1528 daAuts
     D:3: 875 daAuts
     D:2: 792 daAuts
